BSA
MAUI TROPICS @ HOUSTON MARSHALS
08/30/2027
 
TOP OF THE 1ST
Maui Tropics batting - Pitching for Houston Marshals : LHP Stan Aldridge
Pitching: LHP Stan Aldridge
Batting: LHB Mario Olivares 0-0: Called Strike
0-1: Called Strike
0-2: Ground out 4-3 (Groundball, 4)
Batting: LHB Luis Antonio Torres 0-0: SINGLE (Groundball, 34D)
Batting: LHB Anacleto Morillo 0-0: Called Strike
0-1: Ball
1-1: Ball
2-1: 2-RUN HOME RUN (Flyball, 9D), Distance : 366 ft
Batting: RHB Luis Alou 0-0: Called Strike
0-1: Foul Ball, location: 2F
0-2: Strikes out swinging
Batting: RHB José Herrera 0-0: Ball
1-0: Ball
2-0: Ball
3-0: Called Strike
3-1: Swinging Strike
3-2: SINGLE (Groundball, 6MD)
Batting: LHB José Rivas 0-0: Ball
1-0: Ground out 4-3 (Groundball, 4D)
Top of the 1st over - 2 run(s), 3 hit(s), 0 error(s), 1 left on base; Maui 2 - Houston 0
BOTTOM OF THE 1ST
Houston Marshals batting - Pitching for Maui Tropics : RHP Júlio González
Pitching: RHP Júlio González
Batting: SHB Ramón Lugo 0-0: Ball
1-0: Ball
2-0: Called Strike
2-1: Foul Ball, location: 2F
2-2: Strikes out swinging
Batting: LHB Lewis Barr 0-0: Ball
1-0: Called Strike
1-1: Called Strike
1-2: Ground out 3-1 (Groundball, 2R)
Batting: LHB Matt Smith 0-0: Ball
1-0: Ball
2-0: Ground out 5-3 (Groundball, 56)
Bottom of the 1st over - 0 run(s), 0 hit(s), 0 error(s), 0 left on base; Maui 2 - Houston 0
TOP OF THE 2ND
Maui Tropics batting - Pitching for Houston Marshals : LHP Stan Aldridge
Batting: RHB Michael Woodruff 0-0: Swinging Strike
0-1: Fly out, F7 (Flyball, 78M)
Batting: RHB Matt Silver 0-0: Ground out 6-3 (Groundball, 6)
Batting: RHB John Brown 0-0: Ball
1-0: Swinging Strike
1-1: Ball
2-1: Ground out 5-3 (Groundball, 56)
Top of the 2nd over - 0 run(s), 0 hit(s), 0 error(s), 0 left on base; Maui 2 - Houston 0
BOTTOM OF THE 2ND
Houston Marshals batting - Pitching for Maui Tropics : RHP Júlio González
Batting: SHB Juan Gómez 0-0: Foul Ball, location: 2F
0-1: Foul Ball, location: 2F
0-2: Ball
1-2: Ball
2-2: Strikes out swinging
Batting: LHB José Rodríguez 0-0: Ball
1-0: Foul Ball, location: 2F
1-1: Called Strike
1-2: Fly out, F6 (Popup, 6)
Batting: RHB David Murray 0-0: Called Strike
0-1: Swinging Strike
0-2: Ball
1-2: Ball
2-2: Foul Ball, location: 2F
2-2: SOLO HOME RUN (Flyball, 7D), Distance : 384 ft
Batting: SHB Álex Rosado 0-0: Called Strike
0-1: Foul Ball, location: 2F
0-2: Ball
1-2: Foul Ball, location: 2F
1-2: Strikes out swinging
Bottom of the 2nd over - 1 run(s), 1 hit(s), 0 error(s), 0 left on base; Maui 2 - Houston 1
TOP OF THE 3RD
Maui Tropics batting - Pitching for Houston Marshals : LHP Stan Aldridge
Batting: LHB Mario Olivares 0-0: Ball
1-0: Swinging Strike
1-1: Foul Ball, location: 2F
1-2: Foul Ball, location: 2F
1-2: Ground out 4-3 (Groundball, 34)
Batting: LHB Luis Antonio Torres 0-0: Called Strike
0-1: Foul Ball, location: 2F
0-2: Foul Ball, location: 2F
0-2: Ball
1-2: Ball
2-2: Strikes out swinging
Batting: LHB Anacleto Morillo 0-0: Ball
1-0: Ball
2-0: Ball
3-0: Base on Balls
Batting: RHB Luis Alou 0-0: Ball
1-0: Ball
2-0: Ball
3-0: Called Strike
3-1: SINGLE (Flyball, 89S)
Anacleto Morillo to second
Runner from 2nd tries for 3rd, SAFE, throw made to third
Batting: RHB José Herrera 0-0: Called Strike
0-1: Ball
1-1: Foul Ball, location: 2F
1-2: Fielders Choice at 2nd, U4 (Groundball, 4M)
Top of the 3rd over - 0 run(s), 1 hit(s), 0 error(s), 2 left on base; Maui 2 - Houston 1
BOTTOM OF THE 3RD
Houston Marshals batting - Pitching for Maui Tropics : RHP Júlio González
Batting: RHB Gregg Nelson 0-0: DOUBLE (Line Drive, 7LD)
Batting: LHB Kent MacDulothe 0-0: Swinging Strike
0-1: Foul Ball, location: 2F
0-2: Ball
1-2: Fly out, F8 (Flyball, 8LM)
Batting: SHB Ramón Lugo 0-0: Swinging Strike
0-1: Called Strike
0-2: Ball
1-2: Ball
2-2: Ball
3-2: Base on Balls
Batting: LHB Lewis Barr 0-0: Foul Ball, location: 2F
0-1: Foul Ball, location: 2F
0-2: Fly out, F7 (Flyball, 7S)
Batting: LHB Matt Smith 0-0: Ball
1-0: Ball
2-0: Ground out U3 (Groundball, 3S)
Bottom of the 3rd over - 0 run(s), 1 hit(s), 0 error(s), 2 left on base; Maui 2 - Houston 1
TOP OF THE 4TH
Maui Tropics batting - Pitching for Houston Marshals : LHP Stan Aldridge
Batting: LHB José Rivas 0-0: Called Strike
0-1: Ball
1-1: Swinging Strike
1-2: Ball
2-2: Strikes out swinging
Batting: RHB Michael Woodruff 0-0: Ball
1-0: Called Strike
1-1: Ground out 5-3 (Groundball, 5S)
Batting: RHB Matt Silver 0-0: Ball
1-0: Ball
2-0: Ball
3-0: Called Strike
3-1: SINGLE (Groundball, 56D)
Batting: RHB John Brown 0-0: Ball
1-0: Foul Ball, location: 2F
1-1: Ball
Passed Ball!
Matt Silver to second
2-1: Foul Ball, location: 2F
2-2: Foul Ball, location: 2F
2-2: Foul Ball, location: 2F
2-2: Foul Ball, location: 2F
2-2: SINGLE (Groundball, 34D)
Matt Silver to third
Runner from 3rd tries for Home, SAFE, no throw
Batting: LHB Mario Olivares 0-0: Called Strike
0-1: Foul Ball, location: 2F
0-2: Foul Ball, location: 2F
0-2: Fly out, F8 (Flyball, 8LD)
Top of the 4th over - 1 run(s), 2 hit(s), 0 error(s), 1 left on base; Maui 3 - Houston 1
BOTTOM OF THE 4TH
Houston Marshals batting - Pitching for Maui Tropics : RHP Júlio González
Batting: SHB Juan Gómez 0-0: Ball
1-0: Ball
2-0: Fly out, F7 (Flyball, 78S)
Batting: LHB José Rodríguez 0-0: Foul Ball, location: 2F
0-1: Ball
1-1: Foul Ball, location: 2F
1-2: Ball
2-2: Strikes out swinging
Batting: RHB David Murray 0-0: Ground out 4-3 (Groundball, 4)
Bottom of the 4th over - 0 run(s), 0 hit(s), 0 error(s), 0 left on base; Maui 3 - Houston 1
TOP OF THE 5TH
Maui Tropics batting - Pitching for Houston Marshals : LHP Stan Aldridge
Batting: LHB Luis Antonio Torres 0-0: Called Strike
0-1: SINGLE (Groundball, 34D) (infield hit)
Batting: LHB Anacleto Morillo 0-0: Foul Ball, location: 2F
0-1: Ball
1-1: Called Strike
1-2: Ball
2-2: SINGLE (Line Drive, 78S)
Luis Antonio Torres to second
Batting: RHB Luis Alou 0-0: Grounds into double play, 4-6-3 (Groundball, 4)
Luis Antonio Torres to third
Batting: RHB José Herrera 0-0: Ball
1-0: Ball
2-0: Ball
3-0: Called Strike
3-1: Base on Balls
Batting: LHB José Rivas 0-0: Ball
1-0: Ball
2-0: Swinging Strike
2-1: Ball
3-1: Fielders Choice at 2nd, 4-6 (Groundball, 4)
Top of the 5th over - 0 run(s), 2 hit(s), 0 error(s), 1 left on base; Maui 3 - Houston 1
BOTTOM OF THE 5TH
Houston Marshals batting - Pitching for Maui Tropics : RHP Júlio González
Batting: SHB Álex Rosado 0-0: Foul Ball, location: 2F
0-1: Foul Ball, location: 2F
0-2: Ball
1-2: Strikes out swinging
Batting: RHB Gregg Nelson 0-0: Fly out, F9 (Flyball, 9S)
Batting: LHB Kent MacDulothe 0-0: Ball
1-0: Ball
2-0: Foul Ball, location: 2F
2-1: Ball
3-1: Ground out U3 (Groundball, 34)
Bottom of the 5th over - 0 run(s), 0 hit(s), 0 error(s), 0 left on base; Maui 3 - Houston 1
TOP OF THE 6TH
Maui Tropics batting - Pitching for Houston Marshals : LHP Stan Aldridge
Pitching: RHP Vinícius Itaquy
Batting: RHB Michael Woodruff 0-0: Called Strike
0-1: Ball
1-1: Swinging Strike
1-2: Ball
2-2: Strikes out looking
Batting: RHB Matt Silver 0-0: Called Strike
0-1: SINGLE (Groundball, 6MD)
Batting: RHB John Brown 0-0: Foul Ball, location: 2F
0-1: Called Strike
0-2: Ball
1-2: Ball
2-2: Foul Ball, location: 2F
2-2: Ball
3-2: Foul Ball, location: 2F
3-2: Strikes out swinging
Matt Silver steals 2nd base
Batter strikes out.
Batting: LHB Mario Olivares 0-0: Called Strike
0-1: Ball
1-1: Called Strike
1-2: Ball
2-2: Strikes out swinging
Top of the 6th over - 0 run(s), 1 hit(s), 0 error(s), 1 left on base; Maui 3 - Houston 1
BOTTOM OF THE 6TH
Houston Marshals batting - Pitching for Maui Tropics : RHP Júlio González
Batting: SHB Ramón Lugo 0-0: Ball
1-0: Ball
2-0: Ball
3-0: Called Strike
3-1: Ground out 6-3 (Groundball, 6)
Batting: LHB Lewis Barr 0-0: Ball
1-0: Foul Ball, location: 2F
1-1: Ground out 4-3 (Groundball, 4)
Batting: LHB Matt Smith 0-0: Ball
1-0: SINGLE (Groundball, 56D)
Batting: SHB Juan Gómez 0-0: Called Strike
0-1: Ball
1-1: Swinging Strike
1-2: Ball
2-2: Ball
3-2: Ground out 4-3 (Groundball, 4)
Bottom of the 6th over - 0 run(s), 1 hit(s), 0 error(s), 1 left on base; Maui 3 - Houston 1
TOP OF THE 7TH
Maui Tropics batting - Pitching for Houston Marshals : RHP Vinícius Itaquy
Batting: LHB Luis Antonio Torres 0-0: Ball
1-0: SINGLE (Groundball, 34D) (infield hit)
Batting: LHB Anacleto Morillo 0-0: Called Strike
0-1: Foul Ball, location: 2F
0-2: Ball
1-2: Ball
2-2: Foul Ball, location: 2F
2-2: Strikes out looking
Batting: RHB Luis Alou 0-0: Grounds into double play, 1-6-3 (Groundball, P)
Top of the 7th over - 0 run(s), 1 hit(s), 0 error(s), 0 left on base; Maui 3 - Houston 1
BOTTOM OF THE 7TH
Houston Marshals batting - Pitching for Maui Tropics : RHP Júlio González
Batting: LHB José Rodríguez 0-0: Ball
1-0: Ball
2-0: Ball
3-0: Called Strike
3-1: Foul Ball, location: 2F
3-2: Base on Balls
Batting: RHB David Murray 0-0: Called Strike
0-1: Swinging Strike
0-2: Ball
1-2: Foul Ball, location: 2F
1-2: Ball
2-2: DOUBLE (Line Drive, 89D)
José Rodríguez to third
Pitching: RHP Yong-taek Yi
Batting: SHB Álex Rosado 0-0: Ball
1-0: Ball
2-0: Foul Ball, location: 2F
2-1: Foul Ball, location: 2F
2-2: Foul Ball, location: 2F
2-2: Strikes out swinging
Pinch Hitting: RHB Chris Parker 0-0: Called Strike
0-1: Ball
1-1: Ball
2-1: Foul Ball, location: 2F
2-2: Foul Ball, location: 2F
2-2: Foul Ball, location: 2F
2-2: Fly out, F4 (Popup, 4)
Batting: LHB Kent MacDulothe 0-0: Fly out, F2 (Popup, 5S)
Bottom of the 7th over - 0 run(s), 1 hit(s), 0 error(s), 2 left on base; Maui 3 - Houston 1
TOP OF THE 8TH
Maui Tropics batting - Pitching for Houston Marshals : RHP Vinícius Itaquy
Now at SS: Alberto Velásquez
Batting: RHB José Herrera 0-0: Ball
1-0: SOLO HOME RUN (Flyball, 7D), Distance : 408 ft
Pitching: LHP Alfonso Ramos
Batting: LHB José Rivas 0-0: Foul Ball, location: 2F
0-1: Called Strike
0-2: Strikes out swinging
Batting: RHB Michael Woodruff 0-0: Foul Ball, location: 2F
0-1: Foul Ball, location: 2F
0-2: Ball
1-2: Strikes out swinging
Batting: RHB Matt Silver 0-0: Fly out, F9 (Flyball, 9LD)
Top of the 8th over - 1 run(s), 1 hit(s), 0 error(s), 0 left on base; Maui 4 - Houston 1
BOTTOM OF THE 8TH
Houston Marshals batting - Pitching for Maui Tropics : RHP Yong-taek Yi
Batting: SHB Ramón Lugo 0-0: Ball
1-0: Called Strike
1-1: Swinging Strike
1-2: Ball
2-2: Ball
3-2: Base on Balls
Pitching: RHP Ricardo Pérez
Batting: LHB Lewis Barr 0-0: SINGLE (Groundball, 34D)
Ramón Lugo to second
Runner from 2nd tries for 3rd, SAFE, throw made to third
Pitching: LHP Mark Stewart
Batting: LHB Matt Smith 0-0: DOUBLE (Line Drive, 8LD)
Ramón Lugo scores
Lewis Barr to third
Batting: SHB Juan Gómez 0-0: Ball
1-0: Ground out 6-3 (Groundball, 6)
Lewis Barr scores
Batting: LHB José Rodríguez 0-0: Foul Ball, location: 2F
0-1: Swinging Strike
0-2: Ball
1-2: Ball
2-2: Foul Ball, location: 2F
2-2: Strikes out looking
Pitching: RHP César Rúbio
Pinch Hitting: SHB Greg Welch 0-0: Ball
1-0: Foul Ball, location: 2F
1-1: Called Strike
1-2: Foul Ball, location: 2F
1-2: Ball
2-2: Foul Ball, location: 2F
2-2: 2-RUN HOME RUN (Flyball, 89XD), Distance : 393 ft
Batting: SHB Álex Rosado 0-0: Ball
1-0: Called Strike
1-1: Ground out U3 (Groundball, 34)
Bottom of the 8th over - 4 run(s), 3 hit(s), 0 error(s), 0 left on base; Maui 4 - Houston 5
TOP OF THE 9TH
Maui Tropics batting - Pitching for Houston Marshals : LHP Alfonso Ramos
Pitching: RHP Edward Cadle
Now in RF: Sadao Kimura
Pinch Hitting: RHB José Rodríguez 0-0: Ball
1-0: Called Strike
1-1: Foul Ball, location: 2F
1-2: SINGLE (Groundball, 34D)
Batting: LHB Mario Olivares 0-0: Ball
1-0: Foul Ball, location: 2F
1-1: Ball
2-1: Called Strike
2-2: Strikes out looking
Batting: LHB Luis Antonio Torres 0-0: Called Strike
0-1: Ball
1-1: Ball
2-1: Ball
3-1: Swinging Strike
3-2: Strikes out looking
Batting: LHB Anacleto Morillo 0-0: Ball
1-0: Foul Ball, location: 2F
1-1: Foul Ball, location: 2F
1-2: Ball
2-2: Strikes out swinging
Top of the 9th over - 0 run(s), 1 hit(s), 0 error(s), 1 left on base; Maui 4 - Houston 5
Thursday, March 30th, 2017 - OOTP Baseball 17.12 Build 75